AoeStats
← [GDL] HANNIBAL

Nomad

508993030Analyzed
4v4 RM · 7d ago on Sep 25, 2026· 40m 41s· 8 players
Game mode
Random Map
Map size
231×231
Population
200
Speed
Normal
Resources
Standard
Victory
Conquest
Starting age
Dark Age
Ending age
Imperial Age
RankedLock teamsTeams togetherTeam positionsShared explorationLock speedFull tech treeHidden civsTurbo modeCheats
Victory
Defeat
🇳🇿 Italians · New Zealand
1431
+12
🇺🇸 Dravidians · United States
1423
+12
🇩🇴 Spanish · Dominican Republic
1412
+13
🇪🇸 Teutons · Spain
998
+28
🇺🇸 Byzantines · United States
1371
-17
🇲🇽 Saxons · Mexico
1358
-17
🇦🇷 Khmer · Argentina
1309
-16
🇦🇷 Varangians · Argentina
1281
-15
whitewidow52
4:56 Loom
13:27 Feudal Age
24:20 Castle Age
23:04 Double-Bit Axe
23:02 Horse Collar
35:17 Wheelbarrow
39:28 Imperial Age
37:05 Fletching
37:16 Padded Archer Armor
39:02 Elite Skirmisher
40:10 Ballistics
40:09 Bodkin Arrow
40:45 Thumb Ring
41:32 Leather Archer Armor
[GDL] HANNIBAL
5:05 Loom
12:13 Feudal Age
12:43 Double-Bit Axe
15:51 Town Watch
19:08 Castle Age
17:54 Gold Mining
18:28 Fletching
20:25 Bodkin Arrow
23:31 Wheelbarrow
23:52 Ballistics
26:31 Town Patrol
31:14 Hand Cart
32:06 Scale Mail Armor
31:55 Gambesons
33:05 Squires
35:00 Bow Saw
36:24 Arson
36:55 Chain Mail Armor
37:14 Forging
| ArCas | Toruk Makto
5:30 Loom
13:30 Feudal Age
17:45 Castle Age
17:03 Forging
18:17 Scale Barding Armor
21:43 Fletching
22:07 Town Watch
25:53 Wheelbarrow
27:01 Fletching
27:19 Stone Mining
27:57 Husbandry
28:49 Padded Archer Armor
jpipo29
8:00 Loom
9:10 Loom
10:45 Loom
11:56 Loom
14:35 Feudal Age
18:13 Castle Age
16:48 Fletching
17:02 Fishing Lines
17:26 Double-Bit Axe
18:52 Bodkin Arrow
19:13 Gold Mining
20:22 Bow Saw
23:09 Padded Archer Armor
26:00 Wheelbarrow
25:17 Horse Collar
26:29 Leather Archer Armor
28:45 Ballistics
31:53 Husbandry
33:05 Bloodlines
36:59 Imperial Age
35:09 Stone Mining
35:46 Masonry
36:18 Elite Skirmisher
38:26 Bracer
39:03 Hand Cart
39:58 Chemistry
RD | Telematico
12:44 Feudal Age
13:26 Double-Bit Axe
15:06 Town Watch
19:46 Castle Age
17:31 Fishing Lines
20:11 Fletching
20:21 Padded Archer Armor
20:41 Medium Warships
20:23 Gillnets
20:45 Bow Saw
22:22 Wheelbarrow
22:26 Demolition Ship
23:41 Loom
24:09 Bodkin Arrow
24:29 Leather Archer Armor
24:09 Bodkin Arrow
29:14 Leather Archer Armor
34:37 Horse Collar
36:56 Heavy Plow
41:06 Imperial Age
38:45 Gold Mining
38:46 Stone Mining
39:40 Scale Barding Armor
41:02 Stone Shaft Mining
40:43 Hand Cart
40:41 Bloodlines
40:32 Husbandry
41:19 Chain Barding Armor
Simon
4:57 Loom
13:00 Feudal Age
17:17 Castle Age
19:08 Pikeman
22:18 Fishing Lines
22:37 Double-Bit Axe
24:20 Horse Collar
26:19 Wheelbarrow
26:23 Scale Mail Armor
27:21 Bow Saw
27:34 Gambesons
29:13 Chain Mail Armor
29:02 Squires
29:52 Hand Cart
30:44 Gold Mining
30:45 Stone Mining
31:10 Gillnets
32:56 Heavy Plow
35:40 Imperial Age
33:37 Fletching
33:47 Padded Archer Armor
34:18 Bodkin Arrow
35:26 Leather Archer Armor
36:33 Medical Corps
37:38 Bracer
38:08 Ring Archer Armor
37:27 Elite Elephant Archer
38:31 Conscription
40:29 Forging
41:33 Chemistry
40:54 Ballistics
paingemBN
14:36 Feudal Age
12:51 Loom
22:59 Castle Age
23:15 Double-Bit Axe
26:07 Wheelbarrow
26:12 Fletching
26:24 Scale Mail Armor
26:35 Forging
26:11 Horse Collar
26:40 Man-at-Arms
32:33 Bodkin Arrow
35:54 Chain Mail Armor
39:02 Long Swordsman
Not Ben
3:56 Loom
12:51 Feudal Age
17:04 Castle Age
15:03 Double-Bit Axe
16:06 Fletching
18:02 Bodkin Arrow
18:58 Medium Warships
20:38 Wheelbarrow
25:28 Padded Archer Armor
28:33 Ballistics
28:03 Gold Mining
32:47 Imperial Age
30:44 Stone Mining
32:28 Leather Archer Armor
34:39 Chemistry
33:47 Bracer
34:17 Ring Archer Armor
36:13 Hand Cart
35:43 Town Watch
36:10 Forging
36:01 Scale Mail Armor
38:06 Elite Genoese Crossbowman
39:56 Iron Casting
39:36 Chain Mail Armor
Connection lost

Rejoining the realm…

Still unreachable

The connection could not be restored.

Session expired

The server has moved on; the page needs a fresh start.